 Dungeon Crawl Stone Soup version 0.22.1-1-ga44c0e56f4 (webtiles) character file.

21100 Ihlosi the Warrior (level 12, -2/160 HPs)
             Began as an Ogre Fighter on Oct 30, 2018.
             Was a High Priest of Okawaru.
             Slain by an orc knight
             ... wielding a +3 battleaxe of freezing
              (19 damage)
             ... on level 2 of the Orcish Mines.
             The game lasted 01:17:25 (23919 turns).

Ihlosi the Warrior (Ogre Fighter)                  Turns: 23919, Time: 01:17:26

Health: -2/160     AC:  3    Str: 23    XL:     12   Next: 86%
Magic:  16/16      EV:  9    Int: 10    God:    Okawaru [*****.]
Gold:   1297       SH: 14    Dex: 13    Spells: 17/17 levels left

rFire    . . .     SeeInvis .   a - +0 hand axe (elec)
rCold    + . .     Gourm    .   i - +0 large shield
rNeg     . . .     Faith    .   N - +0 robe {MR+}
rPois    .         Spirit   .   (helmet restricted)
rElec    .         Reflect  .   I - scarf {repulsion}
rCorr    +         Harm     .   (gloves unavailable)
MR       ++...                  (boots unavailable)
Stlth    +.........             (no amulet)
HPRegen  0.36/turn              m - ring of protection from cold
MPRegen  0.15/turn              w - ring of resist corrosion

@: repel missiles
A: large, unfitting armour, agile 1, robust 1, tough skin 1, subdued magic 1
a: Heroism, Finesse, Renounce Religion


You were on level 2 of the Orcish Mines.
You worshipped Okawaru.
Okawaru was extremely pleased with you.
You were not hungry.

You visited 4 branches of the dungeon, and saw 16 of its levels.
You also visited: Sewer and Ice Cave.

You collected 1458 gold pieces.
You spent 161 gold pieces at shops.

Inventory:

Hand Weapons
 a - a +0 hand axe of electrocution (weapon)
 b - the +7 trident of Novvobrud {venom, rF+}
   (You found it on level 10 of the Dungeon)

   It poisons the flesh of those it strikes.
   It protects you from fire.
 g - a +3 great sword of electrocution
 j - a +1 great mace of holy wrath
 k - a +0 morningstar
 p - a +2 short sword of speed
 s - a +0 flail
 u - a +1 dagger of venom
 B - a +3 hand axe
 C - a +0 dagger of freezing
 J - a +0 antimagic whip
 M - a +2 scythe of venom
 O - a +0 flail of protection
 P - a +7 giant spiked club
 T - a +0 long sword of slicing
Armour
 c - a +0 shield
 e - a +2 robe of fire resistance
 i - a +0 large shield (worn)
 D - a +0 cloak
 I - a scarf of repulsion (worn)
 N - a +0 robe of magic resistance (worn)
Jewellery
 h - an uncursed ring of ice
 m - a ring of protection from cold (left hand)
 r - an uncursed ring of magical power
 w - a ring of resist corrosion (right hand)
Wands
 q - a wand of random effects (14)
 Q - a wand of acid (5)
Scrolls
 o - 6 scrolls of enchant armour
 t - 5 scrolls of teleportation
 v - 6 scrolls of identify
 y - 4 scrolls of magic mapping
 H - a scroll of remove curse
 U - a scroll of blinking
Potions
 d - a potion of might
 z - 3 potions of magic
 A - 3 potions of brilliance
 E - 2 potions of flight
 G - a potion of resistance {unknown}
 L - a potion of degeneration {unknown}
Comestibles
 f - 6 rations


   Skills:
 * Level 16.6 Fighting
 * Level 12.3 Maces & Flails
 - Level 3.0 Armour
 - Level 6.0 Dodging
 - Level 3.0 Shields
 - Level 3.0 Spellcasting
 * Level 3.1 Invocations
 - Level 3.0 Evocations


You had 17 spell levels left.
You didn't know any spells.
Your spell library contained the following spells:

 Spells                   Type           Power        Failure   Level  Hunger
 Confusing Touch          Hex            #.....       98%         1    #......
 Poisonous Vapours        Pois/Air       #.....       99%         2    ###....
 Confuse                  Hex            #.......     100%        3    ###....
 Conjure Flame            Conj/Fire      #.......     100%        3    ###....
 Gell's Gravitas          Tloc           #.........   100%        3    ###....
 Mephitic Cloud           Conj/Pois/Air  #.......     100%        3    ###....
 Petrify                  Tmut/Erth      #.......     100%        4    #####..
 Metabolic Englaciation   Hex/Ice        #.........   100%        5    ######.
 Yara's Violent Unravell  Hex/Tmut       #.........   100%        5    ######.
 Freezing Cloud           Conj/Ice/Air   #.........   100%        6    #######
 Ring of Flames           Chrm/Fire      #.........   100%        7    #######


Dungeon Overview and Level Annotations

Branches:
Dungeon (11/15)            Temple (1/1) D:7            Lair (2/6) D:10
 Spider (0/4) Lair:2          Orc (2/2) D:10
  Swamp: Lair:2-4    Shoals: Lair:2-4       Elf: Orc:2

Altars:
Ashenzari
Cheibriados
Dithmenos
Elyvilon
Fedhas
Gozag
Hepliaklqana
Kikubaaqudgha
Makhleb
Nemelex Xobeh
Okawaru
Qazlal
Ru
Sif Muna
Trog
Uskayaw
Vehumet
Wu Jian
Xom
Yredelemnul
Zin
The Shining One
Beogh

Shops:
D:4 *   Orc:2 [*

Annotations:
D:8 Unfinished, need sinv
D:9 Vampire!


Innate Abilities, Weirdness & Mutations

You are too large for most types of armour.
You have tough skin. (AC +1)
You are agile. (Dex +2)
You are robust. (+10% HP)
Your spells are a little easier to cast, but a little less powerful.


Message History

Lightning courses through the orc knight!
The orc knight is almost dead.
The orc knight hits you with a battleaxe of freezing!
The orc knight freezes you. You block the orc warrior's attack.
You closely miss the orc knight.
The orc knight is almost dead.
You block the orc knight's attack. You block the orc warrior's attack.
You hit the orc knight.
The orc knight is almost dead.
The orc warrior no longer looks unusually strong.
The orc knight hits you with a battleaxe of freezing!
* * * LOW HITPOINT WARNING * * *
The orc knight freezes you.
* * * LOW HITPOINT WARNING * * *
You closely miss the orc knight.
The orc knight is almost dead.
The orc warrior hits you from afar with a halberd!!
* * * LOW HITPOINT WARNING * * *
The orc knight hits you with a battleaxe of freezing!!
You die...

#....#..#..#................#
#####.............#............##
.##.#....#.........#......<......
............#......#.............
.#...........#.............#.....
............#......#####...##..##
.....^))..........##...##..#....#
..)..)...........##.....##.....#.
.#####..........@o)......#...####
##...##..).......#o..8_.∩#....##.
#.....##)........#.......#...##.#
......)).........##.....##..##...
∩._8..)#..........##...##........
.......#...........#####......##(
#.....##.....................##..
##...##........#.).....#.....#..[
.#####..........#.)....#.#...#[.8


You could see an orc knight and an orc warrior.

Vanquished Creatures
  Harold (D:10)
  2 two-headed ogres
  An orc knight (Orc:2)
  A necromancer (IceCv)
  An orc sorcerer (Orc:2)
  An elephant (D:10)
  A black mamba (Lair:1)
  4 ice statues (IceCv)
  2 spiny frogs
  A gargoyle (D:9)
  A komodo dragon (Lair:2)
  8 ice devils (IceCv)
  3 trolls
  A hornet (D:8)
  A hippogriff (D:9)
  Sigmund (D:3)
  6 yaks (D:9)
  2 wyverns
  2 basilisks
  3 fire bats (Orc:1)
  2 hungry ghosts (D:7)
  6 wargs
  A water moccasin (Lair:2)
  A soldier ant (D:9)
  18 orc warriors
  2 porcupines (Lair:2)
  10 ice beasts
  A sky beast (D:6)
  A black bear (Lair:1)
  2 phantoms
  7 ogres
  8 centaurs
  4 crocodiles
  Blork the orc (D:5)
  7 big kobolds
  10 bullfrogs
  9 killer bees
  4 crimson imps
  2 howler monkeys
  A centaur zombie (D:8)
  2 quasits
  10 orc priests
  A bullfrog zombie (D:5)
  3 hounds
  5 jellies
  14 orc wizards
  Crazy Yiuf (D:5)
  2 centaur skeletons
  A gnoll shaman (D:9)
  7 worker ants
  2 spriggan simulacra (IceCv)
  A killer bee zombie (D:7)
  A troll simulacrum (IceCv)
  2 centaur simulacra (IceCv)
  A hound skeleton (D:7)
  A hound zombie (D:5)
  2 worker ant zombies
  A howler monkey zombie (D:10)
  Robin (D:4)
  15 gnolls
  2 naga simulacra (IceCv)
  9 adders
  3 ogre simulacra (IceCv)
  A river rat (Sewer)
  5 shadow imps
  2 oozes
  An adder zombie (D:10)
  5 worms
  3 dart slugs
  8 leopard geckos
  77 orcs
  8 ball pythons
  3 bats
  13 giant cockroaches
  11 goblins
  9 hobgoblins
  11 jackals
  17 kobolds
  A quokka (D:3)
  5 frilled lizards
  A leopard gecko skeleton (D:5)
  A quokka skeleton (D:4)
  A quokka zombie (D:9)
  9 rats
419 creatures vanquished.

Vanquished Creatures (others)
  A bush (Lair:2)
  A fungus (Lair:2)
  9 plants (Lair:2)
11 creatures vanquished.

Grand Total: 430 creatures vanquished

Notes
Turn   | Place    | Note
-------+----------+-------------------------------------------
     0 | D:1      | Ihlosi the Ogre Fighter began the quest for the Orb.
     0 | D:1      | Reached XP level 1. HP: 24/24 MP: 1/1
    92 | D:1      | Reached XP level 2. HP: 31/32 MP: 2/2
   348 | D:1      | Reached XP level 3. HP: 40/40 MP: 3/3
  1157 | D:2      | Reached XP level 4. HP: 48/49 MP: 4/4
  1231 | D:2      | HP: 2/49 [poisoned by a kobold]
  2188 | D:3      | Reached skill level 5 in Fighting
  2188 | D:3      | Reached XP level 5. HP: 45/57 MP: 5/5
  2215 | D:3      | Gained mutation: You are resistant to electric shocks.
                  | (rElec) [potion of mutation]
  2215 | D:3      | Gained mutation: You have sharp toenails. [potion of
                  | mutation]
  2215 | D:3      | Lost mutation: You have sharp toenails. [potion of
                  | mutation]
  2215 | D:3      | Gained mutation: You have sharp toenails. [potion of
                  | mutation]
  2357 | D:3      | Found a radiant altar of Vehumet.
  2838 | D:4      | Noticed a phantom
  2884 | D:4      | Killed a phantom
  2884 | D:4      | Reached skill level 6 in Fighting
  2884 | D:4      | Reached XP level 6. HP: 61/68 MP: 6/6
  3128 | D:4      | Found Kimmipo's Assorted Antiques.
  3131 | D:4      | Bought a pearl ring for 115 gold pieces
  3131 | D:4      | Bought a scroll labeled GIOWOR UFUTI for 23 gold pieces
  3131 | D:4      | Bought a scroll labeled GYULELIELO for 23 gold pieces
  3189 | D:4      | Found a glowing drain.
  3256 | Sewer    | Entered a sewer
  3297 | Sewer    | Reached skill level 7 in Fighting
  3411 | Sewer    | Reached XP level 7. HP: 70/78 MP: 7/7
  3522 | Sewer    | Reached skill level 8 in Fighting
  3522 | Sewer    | Reached skill level 5 in Maces & Flails
  3853 | D:4      | Noticed a two-headed ogre
  3865 | D:4      | Killed a two-headed ogre
  3865 | D:4      | Reached skill level 10 in Fighting
  3865 | D:4      | Reached XP level 8. HP: 96/96 MP: 8/8
  3899 | D:4      | Noticed Robin
  3903 | D:4      | Killed Robin
  3907 | D:4      | Reached skill level 11 in Fighting
  4337 | D:5      | Entered Level 5 of the Dungeon
  4937 | D:5      | Reached skill level 1 in Armour
  4937 | D:5      | Reached skill level 1 in Evocations
  4937 | D:5      | Reached XP level 9. HP: 88/105 MP: 9/9
  5073 | D:5      | Noticed Blork the orc
  5084 | D:5      | Killed Blork the orc
  5326 | D:5      | Found a runed door.
  5330 | D:5      | Noticed Crazy Yiuf
  5334 | D:5      | Killed Crazy Yiuf
  5648 | D:3      | Noticed Sigmund
  6619 | D:7      | Found a staircase to the Ecumenical Temple.
  6769 | Temple   | Entered the Ecumenical Temple
  6996 | Temple   | Became a worshipper of Warmaster Okawaru
  7401 | D:7      | Reached skill level 1 in Invocations
  7880 | D:8      | Noticed a hornet
  8029 | D:9      | Found a runed door.
  8030 | D:9      | Reached XP level 10. HP: 101/114 MP: 12/12
  8257 | D:8      | Reached * piety under Okawaru
  8447 | D:8      | Reached skill level 12 in Fighting
  9101 | D:3      | Killed Sigmund
  9104 | D:3      | Lost mutation: You have sharp toenails. [potion of
                  | mutation]
  9104 | D:3      | Lost mutation: You are resistant to electric shocks.
                  | (rElec) [potion of mutation]
  9104 | D:3      | Gained mutation: You are agile. (Dex +2) [potion of
                  | mutation]
  9104 | D:3      | Gained mutation: Your spells are a little easier to cast,
                  | but a little less powerful. [potion of mutation]
  9104 | D:3      | Gained mutation: You are robust. (+10% HP) [potion of
                  | mutation]
  9502 | D:9      | Reached ** piety under Okawaru
  9912 | D:9      | Noticed a gargoyle
  9933 | D:9      | Killed a gargoyle
 10250 | D:9      | Reached skill level 10 in Maces & Flails
 10497 | D:9      | Found a runed door.
 12194 | D:10     | Entered Level 10 of the Dungeon
 12533 | D:9      | Reached *** piety under Okawaru
 12784 | D:9      | Reached XP level 11. HP: 76/135 MP: 13/13
 14302 | D:10     | Reached **** piety under Okawaru
 15131 | D:10     | Found a staircase to the Orcish Mines.
 15189 | D:10     | Found a staircase to the Lair.
 15256 | D:10     | Reached skill level 13 in Fighting
 15275 | D:10     | Got a steaming trident
 15276 | D:10     | Identified the +7 trident of Novvobrud {venom, rF+} (You
                  | found it on level 10 of the Dungeon)
 15309 | D:10     | Noticed Harold
 15318 | D:10     | Killed Harold
 15632 | Lair:1   | Entered Level 1 of the Lair of Beasts
 15815 | Lair:1   | Noticed a five-headed hydra
 16012 | Lair:2   | Found a frozen archway.
 16016 | Lair:2   | Reached ***** piety under Okawaru
 16221 | IceCv    | Entered an ice cave
 16296 | IceCv    | Reached skill level 5 in Dodging
 17229 | IceCv    | Reached skill level 14 in Fighting
 17229 | IceCv    | Reached XP level 12. HP: 132/152 MP: 14/14
 17909 | IceCv    | Reached skill level 1 in Spellcasting
 19294 | IceCv    | Identified a scroll of acquirement
 20276 | Lair:1   | Reached skill level 15 in Fighting
 20520 | Lair:1   | HP: 1/155 [eight-headed hydra (14)]
 21004 | D:11     | Noticed an eight-headed hydra
 21018 | Orc:1    | Entered Level 1 of the Orcish Mines
 21367 | Orc:1    | Noticed a two-headed ogre
 21621 | Orc:1    | Killed a two-headed ogre
 21967 | Orc:2    | Entered Level 2 of the Orcish Mines
 22717 | Orc:1    | Found a roughly hewn altar of Beogh.
 22731 | Orc:1    | Reached skill level 16 in Fighting
 22737 | Orc:1    | Received a gift from Okawaru
 23607 | Orc:2    | Found a roughly hewn altar of Beogh.
 23608 | Orc:2    | Found Cetuoteq's Antique Armour Shoppe.
 23899 | Orc:2    | Found a roughly hewn altar of Beogh.
 23900 | Orc:2    | Found Evygitti's General Store.
 23919 | Orc:2    | Slain by an orc knight

Skill      XL: |  1  2  3  4  5  6  7  8  9 10 11 12 |
---------------+-------------------------------------+-----
Maces & Flails | 2 3 4 6 8 11 12 | 12.3
Shields        | 3 |  3.0
Dodging        | 3 5 6 |  6.0
Fighting       | 5 6 7 10 11 12 14 16 | 16.6
Armour         | 1 3 |  3.0
Evocations     | 1 3 |  3.0
Invocations    | 1 3 |  3.1
Spellcasting   | 3 |  3.0

Action                   |  1- 3 |  4- 6 |  7- 9 | 10-12 || total
-------------------------+-------+-------+-------+-------++-------
Melee: Flail             |   102 |     5 |       |     6 ||   113
       Hand axe          |       |   177 |   317 |   979 ||  1473
       Kick              |       |    30 |    73 |    11 ||   114
       Dagger            |       |       |     7 |    11 ||    18
       Trident           |       |       |       |    94 ||    94
       Whip              |       |       |       |    30 ||    30
Invok: Heroism           |       |       |       |     3 ||     3
       Finesse           |       |       |       |     4 ||     4
Evoke: Wand              |       |       |       |    21 ||    21
  Use: Potion            |       |     6 |     5 |    12 ||    23
       Scroll            |       |       |       |    29 ||    29
 Stab: Sleeping          |     1 |     1 |     4 |     1 ||     7
       Paralysed         |       |       |       |     6 ||     6
  Eat: Chunk             |       |     8 |    16 |    18 ||    42
       Ration            |       |       |       |    10 ||    10
Armor: Robe              |    18 |    20 |    23 |   109 ||   170
       Animal skin       |       |       |    24 |    13 ||    37
       Skin              |       |       |       |     6 ||     6
Dodge: Dodged            |    24 |    24 |    61 |   232 ||   341
Block: Shield            |    14 |       |       |       ||    14
       Large shield      |    39 |   104 |   209 |   731 ||  1083
